 Dungeon Crawl Stone Soup version 0.31-a0-180-g519b7de00c (webtiles) character file.

Game seed: 12033191428018484132

2671 innerfire43 the Slicer (level 9, 0/69 HPs)
             Began as a Demonspawn Monk on June 19, 2023.
             Was a High Priest of Okawaru.
             Slain by a death yak (12 damage)
             ... on level 8 of the Dungeon.
             The game lasted 00:09:06 (6624 turns).

innerfire43 the Slicer (Demonspawn Monk)            Turns: 6624, Time: 00:09:06

Health: 0/69       AC:  6    Str: 15    XL:     9   Next: 37%
Magic:  18/18      EV: 17    Int:  7    God:    Okawaru [*****.]
Gold:   418        SH:  0    Dex: 20    Spells: 8/8 levels left

rFire   + + +        A - +6 short sword "Gaatuq" {venom, rElec rF+++ MP+9 Int-5}
rCold   . . .        d - orb {light}
rNeg    + + +        K - +0 ring mail of Kozi {Drain rN+++ Will+ Regen+}
rPois   .            (no helmet)
rElec   +            (no cloak)
rCorr   .            s - +0 pair of gloves
SInv    .            (no boots)
Will    +....        u - amulet of reflection
Stlth   +            i - +5 ring of evasion
HPRegen 1.11/turn    B - ring of flight
MPRegen 0.16/turn

%: reflection
@: confused, mighty, ambrosia-drunk, flying, glowing
A: hooves 1, thin skeletal structure 2, powered by pain 2
a: Renounce Religion, Heroism, Finesse, Duel


You were on level 8 of the Dungeon.
You worshipped Okawaru.
Okawaru was extremely pleased with you.
You visited 1 branch of the dungeon, and saw 8 of its levels.

You collected 418 gold pieces.

Inventory:

Hand Weapons
 a - a +0 spear
 j - a +0 trident
 A - the +6 short sword "Gaatuq" (weapon) {venom, rElec rF+++ MP+9 Int-5}
   (You found it on level 6 of the Dungeon)

   Int:       It affects your intelligence (-5).
   rF:        It renders you almost immune to fire.
   rElec:     It insulates you from electricity.
   MP:        It affects your magic capacity (+9).
Armour
 b - a +0 robe
 d - an orb of light (worn)
 s - a +0 pair of gloves (worn)
 D - a +3 leather armour
 K - the +0 ring mail of Kozi (worn) {Drain rN+++ Will+ Regen+}
   (You found it on level 5 of the Dungeon)

   rN:        It renders you almost immune to negative energy.
   Regen:     It increases your rate of health regeneration.
   Drain:     It drains your maximum health when unequipped.
   Will:      It increases your willpower.
Jewellery
 i - a +5 ring of evasion (left hand)
 u - an amulet of reflection (around neck)
 B - a ring of flight (right hand)
 I - a +6 ring of strength
 J - an amulet of faith
Wands
 t - a wand of paralysis (12)
 y - a wand of flame (29)
 F - a wand of quicksilver (7)
Scrolls
 e - a scroll of fog {unknown}
 f - a scroll of enchant armour {unknown}
 l - 5 scrolls of fear {unknown}
 o - a scroll of silence {unknown}
 p - a scroll of enchant weapon {unknown}
 q - a scroll of vulnerability {unknown}
 r - 6 scrolls of identify {unknown}
 w - 5 scrolls of immolation {unknown}
 x - a scroll of revelation {unknown}
 z - a scroll of summoning {unknown}
 C - a scroll of brand weapon {unknown}
 H - 3 scrolls of teleportation {unknown}
 L - a scroll of blinking {unknown}
Potions
 g - a potion of berserk rage {unknown}
 h - 3 potions of enlightenment {unknown}
 k - 5 potions of heal wounds {unknown}
 m - 2 potions of brilliance {unknown}
 n - 2 potions of attraction {unknown}
 v - a potion of magic {unknown}
 E - a potion of mutation {unknown}
 G - a potion of might {unknown}


   Skills:
 + Level 5.8 Fighting
 * Level 8.3 Short Blades
 - Level 5.7 Polearms
 + Level 3.3 Armour
 - Level 3.3 Dodging
 + Level 1.7 Shields


You had 8 spell levels left.
You didn't know any spells.
Your spell library contained the following spells:

 Spells                   Type           Power      Damage    Failure   Level
 Magic Dart               Conj           0%         1d3       65%         1
 Necrotise                Necr           0%         1d4       65%         1
 Slow                     Hex            0%         N/A       65%         1
 Blink                    Tloc           0%         N/A       80%         2
 Lesser Beckoning         Tloc           0%         N/A       80%         2
 Momentum Strike          Conj/Tloc      0%         3d8       80%         2
 Searing Ray              Conj           0%         2d4       80%         2
 Confusing Touch          Hex            0%         N/A       95%         3
 Vampiric Draining        Necr           0%         2d6       95%         3
 Fulminant Prism          Conj/Hex       0%         3d5       100%        4
 Agony                    Necr           0%         N/A       100%        5


Dungeon Overview and Level Annotations

Branches:
Dungeon (8/15)             Temple (0/1) D:7            Lair (0/5) D:8

Altars:
Hepliaklqana
Makhleb
Okawaru

Shops:
D:5 *

Annotations:
D:3 2 transporters


Innate Abilities, Weirdness & Mutations

You have large cloven feet.
You have a moderately thin skeletal structure. (Dex +4, Stealth++)
You sometimes gain power by taking damage.


Message History

A death yak comes into view.
Aiming: Throw Flame
Press: ? - help, Shift-Dir - straight line, f - death yak
Aim: a death yak (wandering, hasn't noticed you, 89% to hit)
The puff of flame hits the death yak.
The death yak is lightly wounded.
The death yak bellows!
You hit the death yak but do no damage.
The death yak is poisoned.
You kick the death yak.
The death yak is lightly wounded.
You hit the death yak.
The death yak is lightly wounded.
The death yak misses you.
You hit the death yak.
The death yak is lightly wounded.
The death yak gores you. The death yak attacks as you move away!
The death yak gores you! x2
The death yak attacks as you move away! The death yak barely misses you.
The death yak attacks as you move away! The death yak barely misses you.
The death yak attacks as you move away! The death yak barely misses you.
The death yak attacks as you move away! The death yak gores you!
The death yak attacks as you move away! The death yak closely misses you.
The death yak attacks as you move away! The death yak completely misses you.
Aiming: Quicksilver Bolt
Press: ? - help, Shift-Dir - straight line, f - death yak
Aim: a death yak (90% to hit)
The bolt of dispelling energy hits the death yak.
The death yak is moderately wounded.
The bolt of dispelling energy hits the death yak!
The death yak is lightly wounded.
The bolt of dispelling energy hits the death yak!
The death yak is moderately wounded.
The death yak gores you!!
You focus on the pain.
You feel very mighty all of a sudden.
You are confused.
You feel invigorated. The death yak gores you!!
* * * LOW HITPOINT WARNING * * *
The death yak closely misses you. The death yak attacks as you move away!
The death yak gores you!
You die...

#.........#....# #
#...........#..# #
#..........#.#.#
####...†.)†^......#
##.....)..........#
##.#..............##
##.######.....##...##
......# ##..........#
#..##.........>.@Y..#
#.## ####......YY..#
#.# #....##YY..## ...
#.....YY....## ...
..##.Y.......## ...#
..##..........# ...#
....Y.........#
..............#
..............#


You could see 7 death yaks.

Vanquished Creatures
  Grum (D:8)
  Menkaure (D:7)
  An ice beast (D:6)
  3 black bears
  An ogre (D:6)
  4 wolves (D:8)
  3 phantoms
  A kobold brigand (D:6)
  4 bullfrogs
  3 scorpions
  3 killer bees (D:7)
  6 howler monkeys
  3 jellies
  An orc priest (D:6)
  A hound (D:5)
  5 iguanas
  A sleepcap (D:6)
  An orc wizard (D:5)
  3 gnolls (D:5)
  4 adders
  A river rat (D:3)
  2 shadow imps
  3 white imps
  An ufetubus (D:5)
  7 worms
  4 dart slugs
  11 orcs
  3 endoplasms
  7 giant cockroaches
  5 goblins
  14 hobgoblins
  5 jackals
  9 kobolds
  5 quokkas
  7 ball pythons
  6 bats
  A frilled lizard (D:1)
  5 rats
146 creatures vanquished.

Notes
Turn   | Place    | Note
-------+----------+-------------------------------------------
     0 | D:1      | innerfire43 the Demonspawn Monk began the quest for the
                  | Orb.
     0 | D:1      | Reached XP level 1. HP: 18/18 MP: 1/1
   157 | D:1      | Gained mutation: You have large cloven feet. [demonic
                  | ancestry]
   157 | D:1      | Reached XP level 2. HP: 18/24 MP: 2/2
   802 | D:1      | Reached XP level 3. HP: 29/29 MP: 3/3
  2098 | D:3      | Noticed a phantom
  2108 | D:3      | Killed a phantom
  2109 | D:3      | Gained mutation: You have a somewhat thin skeletal
                  | structure. (Dex +2, Stealth+) [demonic ancestry]
  2109 | D:3      | Reached XP level 4. HP: 25/36 MP: 4/4
  2109 | D:3      | Gained mutation: You have a moderately thin skeletal
                  | structure. (Dex +4, Stealth++) [demonic ancestry]
  2109 | D:3      | Reached XP level 5. HP: 28/41 MP: 5/5
  2195 | D:3      | Noticed a kobold demonologist
  2199 | D:3      | Found a transporter.
  2211 | D:3      | Found a transporter.
  2374 | D:3      | Found an iron altar of Okawaru.
  2389 | D:3      | Became a worshipper of Warmaster Okawaru
  2389 | D:3      | Reached * piety under Okawaru
  2389 | D:3      | Reached ** piety under Okawaru
  2586 | D:3      | Found a glowing drain.
  3076 | D:4      | Found a burning altar of Makhleb.
  3366 | D:4      | You fall into a shaft and drop 2 floors!
  3396 | D:6      | Noticed a phantom
  3411 | D:6      | Killed a phantom
  3412 | D:6      | Reached skill level 5 in Polearms
  3436 | D:6      | Noticed an ogre
  3445 | D:6      | Killed an ogre
  3446 | D:6      | Gained mutation: You sometimes gain a little power by
                  | taking damage. [demonic ancestry]
  3446 | D:6      | Reached XP level 6. HP: 47/48 MP: 6/6
  3456 | D:6      | Identified the +6 short sword "Gaatuq" {venom, rElec rF+++
                  | MP+9 Int-5}
  3539 | D:6      | Reached skill level 1 in Short Blades
  3759 | D:6      | Reached skill level 2 in Short Blades
  3759 | D:6      | Reached XP level 7. HP: 55/55 MP: 7/7
  3815 | D:6      | Reached *** piety under Okawaru
  3816 | D:6      | Reached skill level 3 in Short Blades
  4220 | D:5      | Entered Level 5 of the Dungeon
  4274 | D:5      | Reached skill level 4 in Short Blades
  4274 | D:5      | Reached skill level 1 in Armour
  4494 | D:5      | Reached skill level 5 in Fighting
  4494 | D:5      | Reached skill level 1 in Shields
  4494 | D:5      | Gained mutation: You sometimes gain power by taking damage.
                  | [demonic ancestry]
  4494 | D:5      | Reached XP level 8. HP: 59/62 MP: 8/8
  4904 | D:4      | Reached skill level 5 in Short Blades
  5114 | D:5      | Found Ekhe's Assorted Antiques.
  5132 | D:5      | Identified the +0 ring mail of Kozi {Drain rN+++ Will+
                  | Regen+}
  5214 | D:5      | Found a hazy altar of Hepliaklqana.
  5485 | D:5      | Reached **** piety under Okawaru
  5728 | D:7      | Found a staircase to the Ecumenical Temple.
  5811 | D:7      | Reached skill level 6 in Short Blades
  6194 | D:7      | Noticed Menkaure
  6204 | D:7      | Killed Menkaure
  6205 | D:7      | Reached skill level 7 in Short Blades
  6440 | D:8      | Noticed Grum
  6450 | D:8      | Reached XP level 9. HP: 65/68 MP: 9/9
  6462 | D:8      | Killed Grum
  6488 | D:8      | Reached ***** piety under Okawaru
  6490 | D:8      | Reached skill level 8 in Short Blades
  6570 | D:8      | Found a staircase to the Lair.
  6607 | D:8      | Noticed a death yak
  6607 | D:8      | Noticed a death yak
  6608 | D:8      | Noticed a death yak
  6608 | D:8      | Noticed a death yak
  6608 | D:8      | Noticed a death yak
  6609 | D:8      | Noticed a death yak
  6609 | D:8      | Noticed a death yak
  6609 | D:8      | Noticed a death yak
  6624 | D:8      | Slain by a death yak

Illustrated notes

Levels and vault maps discovered:
D:1:      eino_arrival_tree_alley, layout_loops_corners,
          hangedman_abyss_or_decor_stabs, minmay_misc_feat_hallway,
          ebering_dispersal_statue_hall
D:2:      layout_basic, nicolae_concentric_dashed_squares_mild
D:3:      gammafunk_wand_slinger, layout_loops_ring,
          mainiacjoe_overflow_alcove_4, gup_sewer_entry_bubbles
D:4:      nicolae_cairo_tiling_very_big, layout_loops_corners,
          overflow_temple_1_default, nicolae_wormholes
D:5:      layout_loops_ring, lemuel_doored_altar, serial_shops, shop
D:6:      layout_loops_cross
D:7:      layout_loops_ring, minmay_temple_entry_slanted,
          kennysheep_generic_room_14, uniq_menkaure
D:8:      layout_rooms, dpeg_lair_monsters, uniq_grum

Skill      XL: |  1  2  3  4  5  6  7  8  9 |
---------------+----------------------------+-----
Polearms       | 3 4 5 |  5.7
Dodging        | 3 |  3.3
Fighting       | 4 5 |  5.8
Short Blades   | 2 4 7 8 |  8.3
Armour         | 1 2 3 |  3.3
Shields        | 1 |  1.7

Action                     |  1- 3 |  4- 6 |  7- 9 || total
---------------------------+-------+-------+-------++-------
  Melee: Spear             |    70 |       |       ||    70
         Kick              |    26 |    36 |    82 ||   144
         Trident           |    63 |    74 |       ||   137
         Short sword       |       |    29 |   205 ||   234
  Evoke: Wand              |       |     1 |     2 ||     3
    Use: Potion            |       |       |     2 ||     2
   Stab: Paralysed         |       |     5 |       ||     5
         Sleeping          |       |     2 |     5 ||     7
 Armour: Robe              |    14 |     4 |       ||    18
         Leather armour    |       |     1 |     6 ||     7
         Ring mail         |       |       |     8 ||     8
  Dodge: Dodged            |    59 |    35 |   124 ||   218
  Block: Orb               |       |     5 |    28 ||    33

Table legend: (Time is in decaauts)
 A = Elapsed time spent in this place.
 B = Non-inter-level travel time spent in this place.
 C = Inter-level travel time spent in this place.
 D = Time resting spent in this place.
 E = Time spent auto-exploring this place.
 F = Levels seen in this place.
 G = Mean time per level.
                   A        B        C        D        E       F      G
               +--------+--------+--------+--------+--------+-----+--------+
         Total |   6622 |   5839 |    783 |      0 |   4833 |   8 |  827.8 |
       Dungeon |   6622 |   5839 |    783 |      0 |   4833 |   8 |  827.8 |
               +--------+--------+--------+--------+--------+-----+--------+

Top non-repeatable levels by time:
     D:3: 1062 daAuts
     D:2: 1003 daAuts
     D:1: 974 daAuts
     D:4: 932 daAuts
     D:6: 884 daAuts
     D:5: 858 daAuts
     D:7: 744 daAuts
     D:8: 163 daAuts
